 Dungeon Crawl Stone Soup version 0.29.1-12-g30fa7ad0bf (webtiles) character file.

Game seed: 3559861703859042528

6350 mandoloar the Geomancer (level 10, -4/63 HPs)
             Began as a Gargoyle Earth Elementalist on Dec 21, 2022.
             Was a Follower of Vehumet.
             Slain by Psyche
             ... wielding a +2 dagger of distortion
              (20 damage)
             ... on level 9 of the Dungeon.
             The game lasted 00:48:55 (14318 turns).

mandoloar the Geomancer (GrEE)                     Turns: 14318, Time: 00:48:55

Health: -4/63      AC: 10    Str: 12    XL:     10   Next: 96%
Magic:  19/19      EV: 20    Int: 20    God:    Vehumet [*.....]
Gold:   461        SH:  0    Dex: 10    Spells: 15/21 levels left

rFire   + + .      SeeInvis .   (weapon currently unavailable)
rCold   + + .      Faith    .   (shield currently unavailable)
rNeg    + + +      Spirit   .   (body armour currently unavailable)
rPois   ∞          Reflect  .   (helmet currently unavailable)
rElec   +          Harm     .   (cloak currently unavailable)
rCorr   +          Rampage  .   (gloves currently unavailable)
Will    .....                   (boots currently unavailable)
Stlth   ++++......              (amulet currently unavailable)
HPRegen 0.20/turn               (ring currently unavailable)
MPRegen 0.16/turn               (ring currently unavailable)

@: wisp-form, flying
A: insubstantial, flying, no casting, sickness immunity, AC +7, tiny, negative
energy resistance 1, (electricity resistance), torment resistance 1,
petrification resistance
a: Renounce Religion


You were on level 9 of the Dungeon.
You worshipped Vehumet.
Vehumet was aware of your devotion.
You were an insubstantial wisp.
You visited 2 branches of the dungeon, and saw 10 of its levels.

You collected 461 gold pieces.

Inventory:

Hand Weapons
 F - a +5 mace (melded)
Missiles
 B - a throwing net
Armour
 a - +0 steam dragon scales (melded)
 e - a +0 kite shield (melded)
 l - a +2 pair of boots of flying (melded)
 s - a +0 ring mail
 t - a +0 helmet (melded)
 C - a +0 pair of gloves (melded)
 H - a scarf of resistance (melded)
Jewellery
 i - a ring of wizardry (melded)
 m - a +6 ring of strength
 E - a ring of positive energy (melded)
Wands
 g - a wand of charming (5)
 r - a wand of mindburst (11)
 D - a wand of polymorph (10)
Scrolls
 c - a scroll of enchant weapon
 f - 3 scrolls of immolation
 h - 2 scrolls of fear
 o - a scroll of vulnerability {unknown}
 q - 5 scrolls of poison
 u - a scroll of fog {unknown}
 v - a scroll of blinking
 w - 2 scrolls of teleportation {unknown}
 x - a scroll of brand weapon {unknown}
 y - 2 scrolls of magic mapping {unknown}
 G - a scroll of noise {unknown}
Potions
 b - a potion of magic
 d - 4 potions of heal wounds {unknown}
 j - 2 potions of curing
 k - 4 potions of lignification {unknown}
 n - 4 potions of haste
 p - 2 potions of ambrosia {unknown}
 z - 2 potions of might {unknown}
 A - 3 potions of resistance {unknown}


   Skills:
 + Level 7.0 Fighting
 + Level 5.8 Dodging
 + Level 8.3 Stealth
 + Level 6.4 Spellcasting
 + Level 6.7 Conjurations
 - Level 1.4 Transmutations
 + Level 8.7 Earth Magic


You had 15 spell levels left.
You knew the following spells:

 Your Spells              Type           Power      Damage    Failure   Level
a - Sandblast             Erth           82%        2d17      1%          1
b - Stone Arrow           Conj/Erth      74%        3d11      1%          3
c - Searing Ray           Conj           66%        2d6       1%          2

Your spell library contained the following spells:

 Spells                   Type           Power      Damage    Failure   Level
 Freeze                   Ice            24%        1d5       10%         1
 Magic Dart               Conj           100%       1d8       1%          1
 Passwall                 Tmut/Erth      21%        N/A       1%          2
 Shock                    Conj/Air       80%        1d8       2%          1
 Slow                     Hex            24%        N/A       10%         1
 Petrify                  Tmut/Erth      26%        N/A       12%         4
 Iskenderun's Battlesphe  Conj           33%        2d9       17%         5
 Fulminant Prism          Conj/Hex       10%        3d9       24%         4
 Confusing Touch          Hex            6%         N/A       30%         3
 Summon Guardian Golem    Hex/Summ       6%         N/A       30%         3
 Swiftness                Air            6%         N/A       30%         3
 Vampiric Draining        Necr           6%         2d6       30%         3
 Iron Shot                Conj/Erth      18%        9d4       54%         6
 Airstrike                Air            3%         2d(1-17)  69%         4
 Orb of Destruction       Conj           16%        9d7       99%         7
 Spellforged Servitor     Conj/Summ      10%        N/A       100%        7


Dungeon Overview and Level Annotations

Branches:
Dungeon (9/15)             Temple (1/1) D:6
   Lair: D:8-11         Orc: D:9-12

Altars:
Ashenzari
Cheibriados
Dithmenos
Elyvilon
Fedhas
Gozag
Hepliaklqana
Kikubaaqudgha
Makhleb
Nemelex Xobeh
Okawaru
Qazlal
Ru
Sif Muna
Trog
Uskayaw
Vehumet
Wu Jian
Xom
Yredelemnul
Zin
The Shining One

Shops:
D:8 ?

Annotations:
D:9 2 transporters, Psyche; safid's ghost, novice MiHu


Innate Abilities, Weirdness & Mutations

You are an insubstantial wisp.
Your tiny insubstantial body is highly resistant to most damage types.
You are flying.
Your equipment is entirely melded.
You are incapable of wielding weapons or throwing items.
You cannot cast spells.
You are immune to sickness and miasma.
((Your stone body is resilient. (AC +7)))
You are immune to poison.
You resist negative energy. (rN+)
((You are resistant to electric shocks. (rElec)))
You are resistant to unholy torment.
You are immune to petrification.


Message History

Your transformation is almost over.
You hear some strange, mumbled words.
A swirling arc of seething chaos appears!
An arc of chaos appears from out of thin air!
The arc of chaos hits you but does no damage.
You resist.
You feel better. Something hits you but does no damage.
Space warps horribly around you!
* * * LOW HITPOINT WARNING * * *
You condense into your normal self.
Your +5 mace unmelds from your body.
Your scarf of resistance unmelds from your body.
Your +0 helmet unmelds from your body.
Your +0 pair of gloves unmelds from your body.
Your +2 pair of boots of flying unmelds from your body.
Your +0 kite shield unmelds from your body.
Your +0 steam dragon scales unmelds from your body.
Your ring of wizardry unmelds from your body.
Your ring of positive energy unmelds from your body.
You feel resistant to extremes of temperature.
You fly up into the air.
You hear some strange, mumbled words.
Something tries to affect you, but you resist.
You hear some strange, mumbled words.
You hear some strange, mumbled words.
You turn into an insubstantial wisp.
Your +5 mace melds into your body.
Your scarf of resistance melds into your body.
Your +0 helmet melds into your body.
Your +0 pair of gloves melds into your body.
Your +2 pair of boots of flying melds into your body.
Your +0 kite shield melds into your body.
Your +0 steam dragon scales melds into your body.
Your ring of wizardry melds into your body.
Your ring of positive energy melds into your body.
You feel hot and cold all over.
You float gracefully downwards.
There is an open door here.
Things that are here:
a +0 robe; a +0 spear Something hits you but does no damage.
Space warps horribly around you!!
You die...

#######.........# #....
#.........##### ##...
#.............# #...
#.............### ##..
#..........{....# #..
#....#########..#########..
#....#.....).#.............
####....#.....)<#.........)...
........#....v..#..........)..
........#.......#.............
........#.#'#####.............
........###...................
.......)......................
............................##
............................#
............................#
...........##################


There were no monsters in sight!

Vanquished Creatures
  Joseph (D:9)
  A troll (D:9)
  Prince Ribbit (D:6)
  10 yaks
  2 wyverns
  A steam dragon (D:9)
  An acid dragon (D:9)
  Menkaure (D:7)
  3 sky beasts
  2 ogres
  2 ice beasts
  A centaur (D:7)
  A kobold brigand (D:6)
  Blork the orc (D:5)
  6 bullfrogs
  A necrophage (D:7)
  2 scorpions
  A gnoll sergeant (D:7)
  8 wights
  10 killer bees
  5 hounds
  3 jellies
  2 gnoll boudas
  4 iguanas
  An orc priest (D:7)
  7 orc wizards
  A mummy (D:4)
  7 gnolls
  2 adders (D:5)
  A shadow imp (D:7)
  A white imp (D:6)
  A worm (D:3)
  A dart slug (D:1)
  40 orcs
  6 endoplasms
  8 giant cockroaches
  8 goblins
  10 hobgoblins
  8 jackals
  6 quokkas
  5 ball pythons
  5 bats
  2 frilled lizards (D:1)
  A hobgoblin zombie (D:4)
  11 kobolds
  An orc zombie (D:4)
  9 rats
212 creatures vanquished.

Vanquished Creatures (collateral kills)
  Maggie (D:7)
  An ice beast (D:7)
2 creatures vanquished.

Vanquished Creatures (others)
  3 fungi (D:1)
  25 plants (D:8)
28 creatures vanquished.

Grand Total: 242 creatures vanquished

Notes
Turn   | Place    | Note
-------+----------+-------------------------------------------
     0 | D:1      | mandoloar the Gargoyle Earth Elementalist began the quest
                  | for the Orb.
     0 | D:1      | Reached XP level 1. HP: 10/10 MP: 3/3
   252 | D:1      | Reached skill level 1 in Transmutations
   252 | D:1      | Reached XP level 2. HP: 15/15 MP: 1/5
   801 | D:1      | Reached XP level 3. HP: 19/20 MP: 4/6
  1294 | D:1      | Reached skill level 1 in Fighting
  1782 | D:2      | Reached XP level 4. HP: 15/25 MP: 0/7
  2056 | D:2      | Found an iron altar of Okawaru.
  2330 | D:2      | Learned a level 3 spell: Stone Arrow
  3336 | D:3      | Reached XP level 5. HP: 30/30 MP: 3/8
  4296 | D:4      | Reached skill level 1 in Conjurations
  4921 | D:4      | Reached XP level 6. HP: 35/35 MP: 8/10
  5684 | D:5      | Entered Level 5 of the Dungeon
  5755 | D:5      | Learned a level 2 spell: Searing Ray
  5816 | D:5      | Noticed Blork the orc
  5871 | D:5      | Reached skill level 5 in Earth Magic
  5871 | D:5      | Reached XP level 7. HP: 37/40 MP: 0/11
  5934 | D:5      | Killed Blork the orc
  6435 | D:5      | Found a sparkling altar of Nemelex Xobeh.
  6435 | D:5      | Found a hide-covered altar of Uskayaw.
  6859 | D:6      | Reached XP level 8. HP: 46/46 MP: 9/13
  7022 | D:6      | Noticed a yak
  7022 | D:6      | Noticed a yak
  7023 | D:6      | Noticed a yak
  7055 | D:6      | Killed a yak
  7252 | D:6      | Reached skill level 5 in Stealth
  7739 | D:6      | Noticed Prince Ribbit
  7752 | D:6      | Killed Prince Ribbit
  7998 | D:6      | Found a staircase to the Ecumenical Temple.
  8153 | D:6      | Noticed a yak
  8153 | D:6      | Noticed a yak
  8153 | D:6      | Noticed a yak
  8177 | D:6      | Killed a yak
  8178 | D:6      | Reached XP level 9. HP: 46/52 MP: 3/15
  8498 | D:6      | Reached skill level 5 in Fighting
  8638 | D:6      | Reached skill level 5 in Spellcasting
  9336 | D:7      | Reached skill level 5 in Conjurations
  9578 | Temple   | Entered the Ecumenical Temple
  9748 | Temple   | Became a worshipper of Vehumet
 10125 | D:7      | Noticed Menkaure
 10127 | D:7      | Killed Menkaure
 10286 | D:7      | Noticed Maggie
 10306 | D:7      | Killed Maggie
 10307 | D:7      | Reached skill level 5 in Dodging
 10307 | D:7      | Reached XP level 10. HP: 37/60 MP: 2/18
 10968 | D:8      | Found Osex's Magic Scroll Shop.
 12163 | D:9      | Reached * piety under Vehumet
 12163 | D:9      | Offered knowledge of Freeze by Vehumet.
 13194 | D:9      | Found a transporter.
 13197 | D:9      | Noticed safid's ghost (novice MiHu)
 13199 | D:9      | Noticed a moth of wrath
 13203 | D:9      | Noticed a manticore
 13215 | D:9      | Noticed Psyche
 13772 | D:9      | Noticed Joseph
 13791 | D:9      | Killed Joseph
 13979 | D:9      | Found a transporter.
 14318 | D:9      | Slain by Psyche

Illustrated notes

Levels and vault maps discovered:
D:1:      dpeg_arrival_prison, layout_basic
D:2:      layout_loops_cross, basic_altar
D:3:      layout_basic
D:4:      layout_loops_ring, nicolae_ossuary_entry_giza, grunt_decor_clamped
D:5:      layout_rooms, gammafunk_temple_overflow_pools, uniq_blork_the_orc
D:6:      layout_basic, minmay_temple_entry_statues_pillars, uniq_prince_ribbit1
D:7:      layout_basic, minmay_chambers_of_fives, uniq_maggie, uniq_menkaure
D:8:      layout_loops_ring, serial_shops, shop, minmay_misc_feat_plants,
          serial_bayou_lagoon_a
D:9:      layout_irregular_city, gammafunk_ghost_berserking_beasts, uniq_joseph,
          uniq_psyche
Temple:   mainiacjoe_temple_cubbyholes

Skill      XL: |  1  2  3  4  5  6  7  8  9 10 |
---------------+-------------------------------+-----
Transmutations | 1 |  1.4
Dodging        | 2 3 4 5 |  5.8
Fighting       | 1 2 3 4 5 7 |  7.0
Earth Magic    | 4 5 6 7 8 |  8.7
Stealth        | 3 4 5 7 8 |  8.3
Conjurations   | 1 2 3 4 5 6 |  6.7
Spellcasting   | 3 4 5 6 |  6.4

Action                   |  1- 3 |  4- 6 |  7- 9 | 10-12 || total
-------------------------+-------+-------+-------+-------++-------
Melee: Unarmed           |     3 |       |       |       ||     3
       Dagger            |     1 |    17 |     1 |       ||    19
       Punch             |       |     1 |       |       ||     1
 Cast: Sandblast         |    55 |    97 |    21 |     5 ||   178
       Stone Arrow       |       |    12 |    49 |    64 ||   125
       Searing Ray       |       |     3 |    34 |    10 ||    47
  Use: Scroll            |       |     2 |     4 |     2 ||     8
       Potion            |       |       |       |     1 ||     1
Armor: Robe              |     4 |     2 |       |       ||     6
       Leather armour    |       |    12 |       |       ||    12
       Ring mail         |       |    27 |    60 |    21 ||   108
       Steam dragon scal |       |       |       |    19 ||    19
       Skin              |       |       |       |     5 ||     5
Dodge: Dodged            |    13 |    56 |    75 |    21 ||   165
Block: Kite shield       |       |       |    21 |    13 ||    34
